 Dungeon Crawl Stone Soup version 0.25.0-9-g26727b6 (webtiles) character file.

Game seed: 743579814629979719

443 wrhowe the Chopper (level 6, 0/48 HPs)
             Began as a Demonspawn Abyssal Knight on June 16, 2020.
             Was a Believer of Lugonu.
             Slain by Duvessa
             ... wielding a +0 short sword
              (11 damage)
             ... on level 3 of the Dungeon.
             The game lasted 00:28:53 (2858 turns).

wrhowe the Chopper (Demonspawn Abyssal Knight)      Turns: 2858, Time: 00:28:53

Health: 0/48       AC: 11    Str: 14    XL:     6   Next: 71%
Magic:  7/7        EV:  4    Int: 14    God:    Lugonu [**....]
Gold:   141        SH:  9    Dex: 12    Spells: 5/5 levels left

rFire    . . .     SeeInvis .   a - +1 hand axe
rCold    . . .     Gourm    .   (no shield)
rNeg     . . .     Faith    .   j - +0 plate armour
rPois    .         Spirit   .   (no helmet)
rElec    .         Reflect  +   b - scarf {+Inv}
rCorr    .         Harm     .   (no gloves)
MR       .....                  (no boots)
Stlth    ..........             d - amulet of reflection
HPRegen  0.16/turn              (no ring)
MPRegen  0.10/turn              (no ring)

@: hasted, glowing, very quick
A: large bone plates 1
a: Depart the Abyss, Bend Space, Renounce Religion, Evoke Invisibility


You were on level 3 of the Dungeon.
You worshipped Lugonu.
Lugonu was pleased with you.
You were not hungry.

You visited 1 branch of the dungeon, and saw 4 of its levels.
You visited the Abyss 1 time.

You collected 141 gold pieces.

Inventory:

Hand Weapons
 a - a +1 hand axe (weapon)
 n - a +3 dagger of venom
Missiles
 e - 11 poisoned darts (quivered)
Armour
 b - a scarf of invisibility (worn)
 j - a +0 plate armour (worn)
 l - a +1 pair of gloves
Jewellery
 d - an amulet of reflection (around neck)
Wands
 c - a wand of random effects (20)
Scrolls
 f - a scroll of fog
 i - a scroll of blinking {unknown}
Potions
 h - 2 potions of heal wounds {unknown}
 k - 2 potions of brilliance {unknown}
 o - a potion of flight {unknown}
Comestibles
 m - 2 rations


   Skills:
 + Level 3.7 Fighting
 * Level 4.7 Axes
 * Level 2.8 Throwing
 * Level 2.8 Armour
 + Level 1.0 Dodging
 + Level 2.5 Invocations
 * Level 1.1 Evocations


You had 5 spell levels left.
You didn't know any spells.
Your spell library was empty.

Dungeon Overview and Level Annotations

Branches:
Dungeon (4/15)
 Temple: D:4-7

Altars:
Ashenzari
Cheibriados
Uskayaw

Annotations:
D:3 Duvessa


Innate Abilities, Weirdness & Mutations

You are partially covered in large bone plates. (SH +4)


Message History

Duvessa is heavily wounded.
You block Duvessa's attack.
You hit Duvessa.
Duvessa is heavily wounded.
Duvessa hits you with a +0 short sword.
* * * LOW HITPOINT WARNING * * *
You hit Duvessa.
Duvessa is heavily wounded.
You block Duvessa's attack. Duvessa hits you with a +0 short sword.
* * * LOW HITPOINT WARNING * * *
You hit Duvessa.
Duvessa is heavily wounded.
Duvessa hits you but does no damage.
You hit Duvessa.
Duvessa is heavily wounded.
You block Duvessa's attack.
You hit Duvessa.
Duvessa is heavily wounded.
Duvessa hits you with a +0 short sword!
You die...

#####.♣
♣...♣###.#.#
#.# ###
##..####.#.#
#.#
#.........#
#[#
###.####.###
####.#
#.....##.#
#####....##
###.###.##.#
#..........
... #....#
#.###.#####
###.###.####
#.# #.# #
#...e@# #.#
#.# #
###.### #.#
#.# #
########.#
#.# #.# #
#........#
#.# #.# #
#.######.#
#.# #.# #
#........#
#.# #.# #
#.########
#.###.#####
#.#
#..........
#.#
#####.#####


You could see Duvessa (berserk).

Vanquished Creatures
  A centaur (D:3)
  A bullfrog (D:3)
  Dowan (D:4)
  An orc priest (D:4)
  2 orc wizards
  Ijyb (D:3)
  4 adders
  5 oozes
  A worm (D:2)
  2 dart slugs (D:1)
  A leopard gecko (D:3)
  8 orcs
  5 giant cockroaches
  5 goblins
  6 hobgoblins
  8 jackals
  A ball python (D:1)
  8 bats
  3 frilled lizards
  2 kobolds (D:3)
  7 rats
73 creatures vanquished.

Notes
Turn   | Place    | Note
-------+----------+-------------------------------------------
     0 | Abyss:1  | wrhowe the Demonspawn Abyssal Knight began the quest for
                  | the Orb.
     0 | Abyss:1  | Reached XP level 1. HP: 18/18 MP: 2/2
    19 | Abyss:1  | Found a corrupted altar of Lugonu.
    54 | Abyss:1  | Noticed a fire bat
    55 | Abyss:1  | Noticed a fire bat
    58 | D:1      | Escaped the Abyss
   140 | D:1      | Reached skill level 1 in Throwing
   194 | D:1      | Gained mutation: You are partially covered in large bone
                  | plates. (SH +4) [demonic ancestry]
   194 | D:1      | Reached XP level 2. HP: 24/24 MP: 3/3
   234 | D:1      | Reached * piety under Lugonu
   279 | D:1      | Reached skill level 2 in Axes
   289 | D:1      | Reached skill level 1 in Dodging
   335 | D:1      | Reached XP level 3. HP: 28/29 MP: 4/4
   992 | D:2      | Reached XP level 4. HP: 35/35 MP: 5/5
  1037 | D:2      | Found a hide-covered altar of Uskayaw.
  1038 | D:2      | Found a snail-covered altar of Cheibriados.
  1317 | D:3      | Noticed a bullfrog
  1327 | D:3      | Killed a bullfrog
  1327 | D:3      | Reached skill level 3 in Axes
  1327 | D:3      | Reached XP level 5. HP: 32/41 MP: 6/6
  1347 | D:3      | Noticed a centaur
  1359 | D:3      | Killed a centaur
  1359 | D:3      | Reached skill level 4 in Axes
  1695 | D:3      | Reached ** piety under Lugonu
  1848 | D:3      | Noticed Ijyb
  1865 | D:3      | Killed Ijyb
  1865 | D:3      | Reached XP level 6. HP: 27/47 MP: 7/7
  2360 | D:3      | Reached skill level 1 in Evocations
  2632 | D:4      | Noticed Duvessa
  2633 | D:4      | Noticed Dowan
  2714 | D:4      | Found a shattered altar of Ashenzari.
  2846 | D:4      | Killed Dowan
  2858 | D:3      | Slain by Duvessa

Illustrated notes

Levels and vault maps discovered:
D:1:      dpeg_arrival_tiny_a, layout_rooms
D:2:      layout_rooms, gammafunk_temple_overflow_pools
D:3:      layout_loops_ring, chequers_ecumenical_altar_grove, minivault_5,
          uniq_ijyb
D:4:      layout_cave_pools, kennysheep_mini, first_ration, minmay_bisected,
          uniq_eustachio, uniq_duvessa, uniq_blork_the_orc, uniq_menkaure

Skill      XL: |  1  2  3  4  5  6 |
---------------+-------------------+-----
Throwing       | 1 2 |  2.8
Armour         | 2 |  2.8
Axes           | 2 3 4 |  4.7
Dodging        | 1 |  1.0
Evocations     | 1 |  1.1
Fighting       | |  3.7
Invocations    | |  2.5

Action                   |  1- 3 |  4- 6 || total
-------------------------+-------+-------++-------
Melee: Hand axe          |   106 |   208 ||   314
Throw: Dart              |    22 |    46 ||    68
Invok: Depart the Abyss  |     1 |       ||     1
  Use: Scroll            |       |     4 ||     4
       Potion            |       |     2 ||     2
  Eat: Ration            |       |     2 ||     2
       Chunk             |       |     1 ||     1
Armor: Scale mail        |     3 |       ||     3
       Leather armour    |     2 |       ||     2
       Plate armour      |    58 |   107 ||   165
Dodge: Dodged            |    11 |    29 ||    40
Block: Other             |    37 |    88 ||   125
       Reflection        |     1 |     3 ||     4
